Unix NetHack Version 5.0.0-0 post-release - last build May 10 2026 23:12:36 (d1fa5d53e341ca933230fdaa984d921c805b60aa,branch:main).

Game began 2026-05-11 16:22:32, ended 2026-05-11 16:33:21.

DaveT, lawful male human Priest

 -----
 |<...########## -----
 |...|         #  ....
 -.---         #    ...
  #####        #      .-##
      #        #        #
      ##########        #
               ######d@d##

DaveT the Adept              St:11 Dx:12 Co:15 In:9 Wi:18 Ch:10  Lawful
Dlvl:6  $:280 HP:0(57) Pw:69(74) AC:1  Xp:6 T:2340  Burdened

Latest messages:
 The werewolf hits!
 You hit the wolf!
 The wolf bites!
 The wolf bites!
 You hit the wolf!
 The wolf just misses!
 You miss the wolf.
 The wolf bites!
 You miss the wolf.
 The wolf bites!
 The wolf bites!
 You hit the wolf!
 The wolf bites!
 You kill the wolf!
 You fail to cast the spell correctly.
 The werewolf misses!
 In what direction? .
 You feel better.
 The werewolf misses!
 The werewolf changes into a wolf.
 The werewolf bites!
 You feel feverish.
 You feel more confident in your weapon skills.
 (Tip: use the #enhance command to advance them.)
 You hit the werewolf!
 The werewolf bites!
 You hit the werewolf!
 The werewolf changes into a human.
 The werewolf summons help!
 A wolf suddenly appears next to you!
 The werewolf misses!
 You are now more skilled in mace.
 You hit the werewolf!
 The wolf bites!
 The werewolf hits!
 The wolf misses!
 The werewolf changes into a wolf.
 The werewolf just misses!
 You hit the werewolf!
 The wolf misses!
 The werewolf bites!
 You kill the werewolf!
 The wolf bites!
 You hit the wolf!
 The wolf bites!
 The wolf bites!
 The wolf bites!
 You die...
 Do you want your possessions identified? [ynq] (y) y
 Do you want to see your attributes? [ynq] (y) q

Inventory:
 Coins    ('$')
  $ - 280 gold pieces
 Weapons  (')')
  H - 10 cursed -1 arrows
  M - 7 +0 crossbow bolts
  q - a +0 elven dagger
  r - a +0 orcish dagger
  a - a blessed +3 mace (weapon in right hand)
 Armor    ('[')
  s - a +1 orcish helm (being worn)
  B - a +0 pair of elven boots (being worn)
  c - a +0 small shield (being worn)
  b - a +0 robe (being worn)
  J - a +0 ring mail (being worn)
 Comestibles  ('%')
  p - a cursed carrot
  e - a clove of garlic
  l - 5 food rations
  f - 3 sprigs of wolfsbane
 Scrolls  ('?')
  K - 2 scrolls of identify
 Spellbooks  ('+')
  h - a spellbook of clairvoyance
  v - a spellbook of healing
  g - a spellbook of protection
 Potions  ('!')
  m - a potion of acid
  n - 2 potions of healing
  E - a potion of restore ability
  D - a cursed potion of sickness
  z - a potion of sleeping
  w - a potion of speed
  x - a cursed potion of speed
  d - 3 potions of holy water
 Rings    ('=')
  I - a ring of slow digestion
 Wands    ('/')
  i - a wand of nothing (0:7)
 Tools    ('(')
  C - a credit card
  A - a skeleton key
 Gems/Stones  ('*')
  G - a worthless piece of red glass
  u - 2 worthless pieces of white glass

DaveT the Priest's attributes:

Background:
 You were an Adept, a level 6 human Priest.
 You were lawful, nominally on a mission for Amaterasu Omikami
 who was opposed by Raijin (neutral) and Susanowo (chaotic).
 You were right-handed.
 You were in the Dungeons of Doom, on level 6.
 You entered the dungeon 2340 turns ago.
 You had 409 experience points, 231 more were needed to attain level 7.

Basics:
 You had 0 out of 57 hit points.
 You had 69 out of 74 energy points (spell power).
 Your armor class was 1.
 Your wallet contained 280 zorkmids.
 Autopickup was off.

Final Characteristics:
 Your strength was 11 (limit:18/100).
 Your dexterity was 12 (limit:18).
 Your constitution was 15 (limit:18).
 Your intelligence was 9 (limit:18).
 Your wisdom was 18 (limit:18).
 Your charisma was 10 (limit:18).

Final Status:
 You weren't hungry.
 You were burdened; movement was slightly slowed.
 You were wielding a mace.
 You were skilled in mace.

Final Attributes:
 You were piously aligned.
 You were level-drain resistant.
 You were stealthy.
 You were guarded.
 Your spell casting was impaired by metallic armor, mitigated by your robe.
 You were a werewolf.
 You were harmed by silver.
 You are dead.

Miscellaneous:
 You encountered 1 bones level.
 Total elapsed playing time was 10 minutes and 48 seconds.

Major events:
 Turn
    1: DaveT the lawful human Priest entered the dungeon
  784: attained the rank of Acolyte (level 3)
 1272: entered the Gnomish Mines
 2029: attained the rank of Adept (level 6)
 2340: killed by a wolf

Spells:
 Name                 Level Category     Fail Retention
 protection             1   clerical      67%   81%-90%
 clairvoyance           3   divination   100%  76%-100%
 healing                1   healing       49%  76%-100%

Skills:
 Fighting Skills
   bare handed combat [Unskilled]
 Weapon Skills
   club               [Unskilled]
   mace               [Skilled]
   morning star       [Unskilled]
   flail              [Unskilled]
   hammer             [Unskilled]
   quarterstaff       [Unskilled]
   polearms           [Unskilled]
   spear              [Unskilled]
   trident            [Unskilled]
   lance              [Unskilled]
   bow                [Unskilled]
   sling              [Unskilled]
   crossbow           [Unskilled]
   dart               [Unskilled]
   shuriken           [Unskilled]
   boomerang          [Unskilled]
   unicorn horn       [Unskilled]
 Spellcasting Skills
   healing spells     [Unskilled]
   divination spells  [Unskilled]
   clerical spells    [Basic]

Voluntary challenges:
 Character rerolling was not enabled.
 You were an atheist.
 You never genocided any monsters.
 You never polymorphed an object.
 You never changed form.
 You used no wishes.
Achievements:
 You attained the rank of Acolyte.
 You entered a shop.
 You entered the Gnomish Mines.
 You attained the rank of Adept.

 The Dungeons of Doom: levels 1 to 6
    Level 1: "vault door in SW"
    Level 2:
    Level 3: "vault"
       A general store, a fountain, a sink.
    Level 4:
       A fountain.
       Stairs down to The Gnomish Mines.
    Level 5:
       A fountain.
    Level 6: <- You were here.
       Final resting place for
          you, killed by a wolf,
          Snaker3-Wiz-Elf-Mal-Cha, killed by a werewolf.
 The Gnomish Mines:
    Level 5:


Vanquished creatures:
  a ghost
  a wolf
  a werewolf
  a rock piercer
  a pony
  a fog cloud
  a shrieker
  a homunculus
  2 hill orcs
  a rabid rat
  a giant bat
  a hobbit
  2 giant rats
  a gnome
  a gnome zombie
  2 foxes
  a kobold
  2 goblins
  a sewer rat
  2 grid bugs
  a bat
  7 lichens
  9 newts
42 creatures vanquished.

No species were genocided or became extinct.

Game over:
                       ----------
                      /          \
                     /    REST    \
                    /      IN      \
                   /     PEACE      \
                  /                  \
                  |      DaveT       |
                  |      280 Au      |
                  | killed by a wolf |
                  |                  |
                  |                  |
                  |                  |
                  |       2026       |
                 *|     *  *  *      | *
        _________)/\\_//(\/(/\)/\//\/|_)_______

Goodbye DaveT the Priest...

You died in The Dungeons of Doom on dungeon level 6 with 2148 points,
and 280 pieces of gold, after 2340 moves.
You were level 6 with a maximum of 57 hit points when you died.

